 Dungeon Crawl Stone Soup version 0.28.0-43-g3370ac3207 (webtiles) character file.

Game seed: 16208311865043317631

46 Mileena the Caller (level 3, 0/15 HPs)
             Began as a Felid Summoner on Mar 7, 2022.
             Was a Plaything of Xom.
             Slain by an adder (3 damage)
             ... on level 2 of the Dungeon.
             The game lasted 00:11:20 (2139 turns).

Mileena the Caller (Felid Summoner)                 Turns: 2139, Time: 00:11:21

Health: 0/15       AC:  1    Str:  6    XL:     3   Next: 44%
Magic:  6/7        EV: 17    Int: 16    God:    Xom [..*...]
Gold:   93         SH:  0    Dex: 16    Spells: 2/6 levels left
                                        Lives:  0   Deaths: 0

rFire   . . .      SeeInvis +   (weapon unavailable)
rCold   . . .      Faith    .   (shield unavailable)
rNeg    . . .      Spirit   .   (armour unavailable)
rPois   .          Reflect  .   (helmet unavailable)
rElec   .          Harm     .   (cloak unavailable)
rCorr   .          Rampage  .   (gloves unavailable)
Will    .....                   (boots unavailable)
Stlth   ++........              (no amulet)
HPRegen 0.05/turn               b - ring of wizardry
MPRegen 0.10/turn               (no ring)

@: quick
A: very small, claws 1, fangs 3, see invisible, speed 1, shaggy fur 1, stealthy
paws, no weapons or thrown items, no armour, multi-lived
a: Renounce Religion


You were on level 2 of the Dungeon.
You worshipped Xom.
You were a toy of Xom.
You visited 1 branch of the dungeon, and saw 2 of its levels.

You collected 93 gold pieces.

Inventory:

Jewellery
 b - a ring of wizardry (left paw)
Scrolls
 c - a scroll of identify {unknown}
 e - a scroll of teleportation {unknown}
 f - a scroll of noise {unknown}
Potions
 a - a potion of heal wounds {unknown}
 g - a potion of invisibility {unknown}
 h - a potion of mutation {unknown}


   Skills:
 * Level 0.8 Fighting
 * Level 3.1 Dodging
 * Level 3.2 Stealth
 * Level 0.6 Unarmed Combat
 * Level 2.2 Spellcasting
 * Level 4.5 Summonings


You had 2 spell levels left.
You knew the following spells:

 Your Spells              Type           Power      Damage    Failure   Level
a - Summon Small Mammal   Summ           64%        N/A       1%          1
b - Summon Guardian Gole  Hex/Summ       9%         N/A       10%         3

Your spell library contained the following spells:

 Spells                   Type           Power      Damage    Failure   Level
 Call Imp                 Summ           16%        N/A       1%          2
 Call Canine Familiar     Summ           16%        N/A       4%          3
 Dazzling Flash           Conj/Hex       2%         N/A       24%         3
 Summon Lightning Spire   Summ/Air       9%         N/A       32%         4
 Agony                    Necr           1%         N/A       89%         5
 Silence                  Hex/Air        0%         N/A       89%         5


Dungeon Overview and Level Annotations

Branches:
Dungeon (2/15)

Altars:
Xom


Innate Abilities, Weirdness & Mutations

You have sharp claws.
You have razor-sharp teeth.
You have supernaturally acute eyesight. (SInv)
You cover ground quickly. (Speed+)
You are covered in fur. (AC +1)
Your paws help you pounce on unaware monsters.
You are incapable of wielding weapons or throwing items.
You cannot wear armour.
You gain extra lives every three experience levels.


Message History

The adder is moderately wounded.
The adder bites you.
You are poisoned.
The adder poisons you! The adder misses you.
You closely miss the adder.
The adder is moderately wounded.
You feel sick. The adder closely misses you.
It was a potion of curing.
You feel better.
Xom thinks this is hilarious!
The adder closely misses you.
You barely miss the adder.
The adder is moderately wounded.
The adder bites you.
You are poisoned.
The adder poisons you!
You feel sick. The adder barely misses you. The adder closely misses you.
You closely miss the adder.
The adder is moderately wounded.
You feel sick. The adder misses you.
You feel sick. The adder bites you.
You feel sick.
You feel sick.
You feel sick.
You are no longer poisoned.
The adder closely misses you.
You see here 6 poisoned darts.
Casting: Summon Guardian Golem (potentially lethal; 10% risk of failure)
Confirm with . or Enter, or press ? or * to list all spells.
The adder bites you.
* * * LOW HITPOINT WARNING * * *
Your bat barely misses the adder.
The adder misses you.
Your bat closely misses the adder.
The adder closely misses you.
Your bat closely misses the adder.
Your bat barely misses the adder.
The adder barely misses you.
Your bat closely misses the adder.
The adder bites you.
You die...
Xom yawns loudly!

#.#.# #..# ..
#.#.# #..# ..
#.#.# #..# #.#.
.## #.#.# .... #
#.#. ..#
##.#.####.......
#.#.#. #.#
#..†.......( #
..... #>#
#..#.####.##
#..##.###..#.#
#......@...#.#
#.....b.S....# #
#...(.9....###
#.#####.###..#####
#.......#
#..#########
#########
#........... ###
#..######### #..
#######..# #..
#........# #..


You could see an adder (ally target), a friendly guardian golem (summoned) and a
friendly bat (summoned, sheltered).

Vanquished Creatures
  An adder (D:2)
  2 bats
  6 endoplasms
  A giant cockroach (D:1)
  3 goblins
  A hobgoblin (D:2)
  2 ball pythons
  3 frilled lizards (D:1)
  2 kobolds (D:1)
21 creatures vanquished.

Vanquished Creatures (collateral kills)
  A ball python (D:1)
  2 giant cockroaches (D:1)
  2 goblins (D:1)
  2 hobgoblins (D:1)
  A bat (D:1)
  2 frilled lizards (D:1)
  A kobold (D:1)
  2 rats (D:1)
13 creatures vanquished.

Grand Total: 34 creatures vanquished

Notes
Turn   | Place    | Note
-------+----------+-------------------------------------------
     0 | D:1      | Mileena the Felid Summoner began the quest for the Orb.
     0 | D:1      | Reached XP level 1. HP: 7/7 MP: 4/4
   350 | D:1      | Found a faded altar of an unknown god.
   379 | D:1      | Prayed at the altar of an unknown god.
   379 | D:1      | Became a worshipper of Xom of Many Doors
   399 | D:1      | Reached XP level 2. HP: 8/11 MP: 6/6
   808 | D:1      | XOM: divination: detect items
   950 | D:1      | XOM: smoke on damage
   991 | D:1      | XOM: silly message
  1209 | D:1      | Reached XP level 3. HP: 15/15 MP: 7/7
  1213 | D:1      | Learned a level 3 spell: Summon Guardian Golem
  1492 | D:2      | XOM: 1-stop teleportation journey
  1858 | D:2      | XOM: 2-stop teleportation journey
  2099 | D:2      | XOM: cast spell 'Disjunction'
  2139 | D:2      | Slain by an adder

Illustrated notes

Levels and vault maps discovered:
D:1:      dpeg_arrival_houses_and_road, layout_basic,
          ebering_ecumenical_altar_petrified, serial_bayou_pond_d,
          interstate_on_off, minmay_pentomino_r2
D:2:      minmay_diamond_boxcup, layout_loops_ring

Skill      XL: |  1  2 |
---------------+-------+-----
Dodging        | 3 |  3.1
Stealth        | 3 |  3.2
Fighting       | |  0.8
Unarmed Combat | |  0.6
Spellcasting   | |  2.2
Summonings     | |  4.5

Action                   || total
-------------------------++-------
Melee: Unarmed           ||    76
       Bite              ||    11
 Cast: Summon Small Mamm ||    20
       Summon Guardian G ||     2
  Use: Scroll            ||     1
       Potion            ||     1
 Stab: Sleeping          ||     9
Armor: Skin              ||    10
Dodge: Dodged            ||    85
